AoeStats
← Spsツ

Hideout

510132811Analyzed
1v1 RM · 2d ago on Sep 29, 2026· 19m 36s· 2 players
Game mode
Random Map
Map size
Tiny (2 player)
Population
200
Speed
Normal
Resources
Standard
Victory
Conquest
Starting age
Dark Age
Ending age
Imperial Age
RankedLock teamsTeams togetherTeam positionsShared explorationLock speedFull tech treeHidden civsTurbo modeCheats
Victory
Defeat
🇸🇰 Spanish · Slovakia
1260
+18
🇭🇳 Spanish · Honduras
1294
-18
Mr.117
10:33 Feudal Age
11:13 Double-Bit Axe
14:58 Castle Age
14:01 Fletching
16:59 Bow Saw
17:28 Loom
Spsツ
5:10 Loom
11:05 Feudal Age
14:31 Castle Age
12:45 Double-Bit Axe
12:51 Horse Collar
Connection lost

Rejoining the realm…

Still unreachable

The connection could not be restored.

Session expired

The server has moved on; the page needs a fresh start.